3AA
BARTON SPRINGS BLUES @ ATHLETIC CLUB KC ACADEMY
08/23/2041
 
TOP OF THE 1ST
Barton Springs Blues batting - Pitching for Athletic Club KC Academy : RHP Bob Wheelock
Pitching: RHP Bob Wheelock
Batting: RHB Steffen Schulte 0-0: Ball
1-0: Called Strike
1-1: SINGLE (Groundball, 3D, EV 100.6 MPH)
Batting: RHB Francisco Ortíz 0-0: Ball
1-0: Foul Ball, location: 2F
1-1: Ball
2-1: Foul Ball, location: 2F
2-2: Foul Ball, location: 2F
2-2: SINGLE (Flyball, 7LM, EV 100.0 MPH)
Steffen Schulte to second
Batting: LHB Jonathan Winston 0-0: Foul Ball, location: 2F
0-1: Ball
1-1: Ball
2-1: Foul Ball, location: 2F
2-2: SINGLE (Line Drive, 4D, EV 96.9 MPH)
Steffen Schulte to third
Francisco Ortíz to second
Batting: RHB Maema Njongmeta 0-0: Ball
1-0: Swinging Strike
1-1: DOUBLE (Flyball, 89D, EV 106.9 MPH)
Steffen Schulte scores
Francisco Ortíz scores
Jonathan Winston to third
Pitching: RHP Júlio Ibáńaz
Batting: LHB Man-su Sin 0-0: Ball
1-0: SINGLE (Line Drive, 7LS, EV 87.5 MPH)
Jonathan Winston scores
Maema Njongmeta to third
Runner from 3rd tries for Home, SAFE, no throw by LF
Batting: RHB Rick Pawlowicz 0-0: SINGLE (Line Drive, 4D, EV 100.0 MPH)
Man-su Sin to second
Batting: LHB Ben Chell 0-0: Called Strike
0-1: Ball
1-1: Ball
2-1: Foul Ball, location: 2F
2-2: SINGLE (Line Drive, 8LS, EV 91.9 MPH)
Man-su Sin to third
Rick Pawlowicz to second
Runner from 3rd tries for Home, SAFE, throw by CF to home
Batting: RHB José González 0-0: Ball
1-0: Ball
2-0: Fly out, F8 (Flyball, 89M, EV 79.4 MPH)
Batting: RHB Shawn Mullins 0-0: Grounds into double play, 6-4-3 (Groundball, 6, EV 90.6 MPH)
Top of the 1st over - 5 runs, 7 hits, 0 errors, 1 left on base; Barton Springs 5 - Athletic Club KC Academy 0
BOTTOM OF THE 1ST
Athletic Club KC Academy batting - Pitching for Barton Springs Blues : LHP Jaime Chávez
Pitching: LHP Jaime Chávez
Batting: RHB Daniel Hannaford 0-0: Called Strike
0-1: Foul Ball, location: 2F
0-2: SINGLE (Line Drive, 6D, EV 98.1 MPH)
Batting: RHB Tim Hendricks 0-0: Ball
Daniel Hannaford steals 2nd base (no throw)
1-0: Ball
2-0: Foul Ball, location: 2F
2-1: Ball
3-1: Ground out 6-3 (Groundball, 6, EV 89.4 MPH)
Daniel Hannaford to third
Batting: LHB Rafael Padilla 0-0: Foul Ball, location: 2F
0-1: Foul Ball, location: 2F
0-2: Foul Ball, location: 2F
0-2: Ball
1-2: Foul Ball, location: 2F
1-2: Foul Ball, location: 2F
1-2: Ball
2-2: Foul Ball, location: 2F
2-2: Fly out, F7 (Flyball, 7, EV 91.2 MPH)
Runner from 3rd tags up, SCORES, throw by LF
Batting: RHB Dick Barnett 0-0: Ball
1-0: Foul Ball, location: 2F
1-1: Ball
2-1: Swinging Strike
2-2: Strikes out swinging
Bottom of the 1st over - 1 run, 1 hit, 0 errors, 0 left on base; Barton Springs 5 - Athletic Club KC Academy 1
TOP OF THE 2ND
Barton Springs Blues batting - Pitching for Athletic Club KC Academy : RHP Júlio Ibáńaz
Batting: RHB Steffen Schulte 0-0: Ball
1-0: Ball
2-0: Ball
3-0: Base on Balls
Batting: RHB Francisco Ortíz 0-0: Ball
1-0: Foul Ball, location: 2F
1-1: Called Strike
1-2: Foul Ball, location: 2F
1-2: Strikes out looking
Batting: LHB Jonathan Winston 0-0: Ball
1-0: Foul Ball, location: 2F
1-1: Ball
2-1: Called Strike
2-2: Ball
3-2: Foul Ball, location: 2F
3-2: Foul Ball, location: 2F
3-2: Grounds into double play, U6-3 (Groundball, 4M, EV 103.1 MPH)
Top of the 2nd over - 0 runs, 0 hits, 0 errors, 0 left on base; Barton Springs 5 - Athletic Club KC Academy 1
BOTTOM OF THE 2ND
Athletic Club KC Academy batting - Pitching for Barton Springs Blues : LHP Jaime Chávez
Batting: RHB Kalikiano Keiki 0-0: Swinging Strike
0-1: Ball
1-1: Foul Ball, location: 2F
1-2: Strikes out swinging
Batting: RHB Guillermo Alessandrini 0-0: Called Strike
0-1: Ball
1-1: Ground out 5-3 (Groundball, 56S, EV 90.0 MPH)
Batting: RHB Mhelter Gaston 0-0: Ground out 4-3 (Groundball, 4, EV 81.9 MPH)
Bottom of the 2nd over - 0 runs, 0 hits, 0 errors, 0 left on base; Barton Springs 5 - Athletic Club KC Academy 1
TOP OF THE 3RD
Barton Springs Blues batting - Pitching for Athletic Club KC Academy : RHP Júlio Ibáńaz
Batting: RHB Maema Njongmeta 0-0: Called Strike
0-1: Swinging Strike
0-2: Ball
1-2: Strikes out looking
Batting: LHB Man-su Sin 0-0: Called Strike
0-1: Foul Ball, location: 2F
0-2: SINGLE (Groundball, 4D, EV 97.5 MPH)
Batting: RHB Rick Pawlowicz 0-0: Ball
1-0: Swinging Strike
1-1: Swinging Strike
1-2: Strikes out swinging
Batting: LHB Ben Chell 0-0: Fly out, F7 (Flyball, 7S, EV 89.4 MPH)
Top of the 3rd over - 0 runs, 1 hit, 0 errors, 1 left on base; Barton Springs 5 - Athletic Club KC Academy 1
BOTTOM OF THE 3RD
Athletic Club KC Academy batting - Pitching for Barton Springs Blues : LHP Jaime Chávez
Batting: SHB Michael Evershed 0-0: Foul Ball, location: 2F
0-1: DOUBLE (Flyball, 9LD, EV 102.5 MPH)
Batting: LHB Octávio Castaneda 0-0: Ball
1-0: Ball
2-0: Swinging Strike
2-1: Called Strike
2-2: Fly out, F6 (Popup, 6MD, EV 63.8 MPH)
Batting: RHB Daniel Hannaford 0-0: Ball
1-0: Ball
2-0: Ball
3-0: Called Strike
3-1: Fly out, F9 (Flyball, 9S, EV 84.4 MPH)
Batting: RHB Tim Hendricks 0-0: SINGLE (Flyball, 9S, EV 85.6 MPH)
Michael Evershed to third
Batting: LHB Rafael Padilla 0-0: Foul Ball, location: 2F
0-1: Foul Ball, location: 2F
0-2: Fly out, F8 (Line Drive, 8RD, EV 91.9 MPH)
Bottom of the 3rd over - 0 runs, 2 hits, 0 errors, 2 left on base; Barton Springs 5 - Athletic Club KC Academy 1
TOP OF THE 4TH
Barton Springs Blues batting - Pitching for Athletic Club KC Academy : RHP Júlio Ibáńaz
Batting: RHB José González 0-0: Ball
1-0: Foul Ball, location: 2F
1-1: Ground out 6-3 (Groundball, 6, EV 90.0 MPH)
Batting: RHB Shawn Mullins 0-0: Ball
1-0: Ball
2-0: Foul Ball, location: 2F
2-1: Called Strike
2-2: Ball
3-2: Foul Ball, location: 2F
3-2: Strikes out swinging
Batting: RHB Steffen Schulte 0-0: Fly out, F8 (Flyball, 89M, EV 86.9 MPH)
Top of the 4th over - 0 runs, 0 hits, 0 errors, 0 left on base; Barton Springs 5 - Athletic Club KC Academy 1
BOTTOM OF THE 4TH
Athletic Club KC Academy batting - Pitching for Barton Springs Blues : LHP Jaime Chávez
Batting: RHB Dick Barnett 0-0: Called Strike
0-1: Swinging Strike
0-2: Ball
1-2: Ball
2-2: Foul Ball, location: 2F
2-2: Fly out, F7 (Flyball, 7LSF, EV 80.6 MPH)
Batting: RHB Kalikiano Keiki 0-0: Swinging Strike
0-1: Swinging Strike
0-2: Strikes out looking
Batting: RHB Guillermo Alessandrini 0-0: Ball
1-0: Foul Ball, location: 2F
1-1: Foul Ball, location: 2F
1-2: Ball
2-2: Foul Ball, location: 2F
2-2: Ball
3-2: Ground out 6-3 (Groundball, 6, EV 80.6 MPH)
Bottom of the 4th over - 0 runs, 0 hits, 0 errors, 0 left on base; Barton Springs 5 - Athletic Club KC Academy 1
TOP OF THE 5TH
Barton Springs Blues batting - Pitching for Athletic Club KC Academy : RHP Júlio Ibáńaz
Batting: RHB Francisco Ortíz 0-0: Ball
1-0: Ball
2-0: Ball
3-0: Called Strike
3-1: Base on Balls
Batting: LHB Jonathan Winston 0-0: Ball
Francisco Ortíz steals 2nd base
1-0: Ball
2-0: Ball
3-0: Base on Balls
Batting: RHB Maema Njongmeta 0-0: SINGLE (Line Drive, 89M, EV 91.9 MPH)
Francisco Ortíz to third
Jonathan Winston to second
Batting: LHB Man-su Sin 0-0: Reached on error, E6 (Groundball, 6, EV 86.9 MPH)
Francisco Ortíz scores
Jonathan Winston to third
Maema Njongmeta to second
Batting: RHB Rick Pawlowicz 0-0: Ball
1-0: Called Strike
1-1: Ball
2-1: Ball
3-1: Fly out, F7 (Flyball, 7S, EV 86.2 MPH)
Pitching: LHP Larry Brown
Batting: LHB Ben Chell 0-0: Hit by Pitch
Jonathan Winston scores
Maema Njongmeta to third
Man-su Sin to second
Batting: RHB José González 0-0: Foul Ball, location: 2F
0-1: Foul Ball, location: 2F
0-2: Strikes out swinging
Batting: RHB Shawn Mullins 0-0: Swinging Strike
0-1: Foul Ball, location: 2F
0-2: Ball
1-2: Strikes out looking
Top of the 5th over - 2 runs, 1 hit, 1 error, 3 left on base; Barton Springs 7 - Athletic Club KC Academy 1
BOTTOM OF THE 5TH
Athletic Club KC Academy batting - Pitching for Barton Springs Blues : LHP Jaime Chávez
Batting: RHB Mhelter Gaston 0-0: Ball
1-0: Ball
2-0: Called Strike
2-1: Ball
3-1: Base on Balls
Batting: SHB Michael Evershed 0-0: Ball
1-0: Called Strike
1-1: Ball
2-1: Ball
3-1: Fly out, F7 (Flyball, 7LS, EV 90.6 MPH)
Batting: LHB Octávio Castaneda 0-0: Called Strike
0-1: Called Strike
Mhelter Gaston is caught stealing 2nd base 2-6
0-2: Strikes out looking
Bottom of the 5th over - 0 runs, 0 hits, 0 errors, 0 left on base; Barton Springs 7 - Athletic Club KC Academy 1
TOP OF THE 6TH
Barton Springs Blues batting - Pitching for Athletic Club KC Academy : LHP Larry Brown
Batting: RHB Steffen Schulte 0-0: Fly out, F7 (Flyball, 7D, EV 101.2 MPH)
Batting: RHB Francisco Ortíz 0-0: Called Strike
0-1: Foul Ball, location: 2F
0-2: Hit by Pitch
Batting: LHB Jonathan Winston 0-0: Foul Ball, location: 2F
0-1: Ball
1-1: Ball
2-1: Ball
3-1: Called Strike
3-2: Fly out, F9 (Line Drive, 9, EV 88.1 MPH)
Batting: RHB Maema Njongmeta 0-0: Called Strike
Francisco Ortíz is caught stealing 2nd base 2-4
Top of the 6th over - 0 runs, 0 hits, 0 errors, 0 left on base; Barton Springs 7 - Athletic Club KC Academy 1
BOTTOM OF THE 6TH
Athletic Club KC Academy batting - Pitching for Barton Springs Blues : LHP Jaime Chávez
Batting: RHB Daniel Hannaford 0-0: Ball
1-0: Swinging Strike
1-1: Ball
2-1: Called Strike
2-2: Ground out 3-1 (Groundball, 34, EV 91.9 MPH)
Batting: RHB Tim Hendricks 0-0: Ball
1-0: Called Strike
1-1: Called Strike
1-2: Strikes out swinging
Batting: LHB Rafael Padilla 0-0: Called Strike
0-1: Swinging Strike
0-2: Strikes out swinging
Bottom of the 6th over - 0 runs, 0 hits, 0 errors, 0 left on base; Barton Springs 7 - Athletic Club KC Academy 1
TOP OF THE 7TH
Barton Springs Blues batting - Pitching for Athletic Club KC Academy : LHP Larry Brown
Batting: RHB Maema Njongmeta 0-0: Called Strike
0-1: Ball
1-1: Called Strike
1-2: Ground out 5-3 (Groundball, 5L, EV 108.8 MPH)
Batting: LHB Man-su Sin 0-0: Ball
1-0: Swinging Strike
1-1: Foul Ball, location: 2F
1-2: DOUBLE (Line Drive, 89D, EV 101.9 MPH)
Batting: RHB Rick Pawlowicz 0-0: Called Strike
0-1: Ball
1-1: Swinging Strike
1-2: Ball
2-2: Foul Ball, location: 2F
2-2: Ball
3-2: Strikes out swinging
Batting: LHB Ben Chell 0-0: SINGLE (Groundball, 4, EV 106.2 MPH) (infield hit)
Man-su Sin to third
Batting: RHB José González 0-0: Fielders Choice at 2nd, 5-4 (Groundball, 56, EV 101.9 MPH)
Top of the 7th over - 0 runs, 2 hits, 0 errors, 2 left on base; Barton Springs 7 - Athletic Club KC Academy 1
BOTTOM OF THE 7TH
Athletic Club KC Academy batting - Pitching for Barton Springs Blues : LHP Jaime Chávez
Batting: RHB Dick Barnett 0-0: Fly out, F9 (Flyball, 9S, EV 90.6 MPH)
Batting: RHB Kalikiano Keiki 0-0: Called Strike
0-1: Swinging Strike
0-2: Strikes out swinging
Batting: RHB Guillermo Alessandrini 0-0: Called Strike
0-1: SINGLE (Flyball, 8RS, EV 95.6 MPH)
Batting: RHB Mhelter Gaston 0-0: Ball
1-0: Ball
2-0: Ball
3-0: Called Strike
3-1: Called Strike
3-2: Foul Ball, location: 2F
3-2: Foul Ball, location: 2F
3-2: Fly out, F8 (Flyball, 8LD, EV 98.8 MPH)
Bottom of the 7th over - 0 runs, 1 hit, 0 errors, 1 left on base; Barton Springs 7 - Athletic Club KC Academy 1
TOP OF THE 8TH
Barton Springs Blues batting - Pitching for Athletic Club KC Academy : LHP Larry Brown
Batting: RHB Shawn Mullins 0-0: Called Strike
0-1: Fly out, F8 (Flyball, 8LS, EV 93.1 MPH)
Batting: RHB Steffen Schulte 0-0: Swinging Strike
0-1: Ball
1-1: Swinging Strike
1-2: Strikes out swinging
Batting: RHB Francisco Ortíz 0-0: SINGLE (Groundball, 34, EV 103.8 MPH) (infield hit)
Batting: LHB Jonathan Winston 0-0: Ground out 4-3 (Groundball, 4, EV 83.1 MPH)
Top of the 8th over - 0 runs, 1 hit, 0 errors, 1 left on base; Barton Springs 7 - Athletic Club KC Academy 1
BOTTOM OF THE 8TH
Athletic Club KC Academy batting - Pitching for Barton Springs Blues : LHP Jaime Chávez
Pitching: LHP Laurens Bancroft
Batting: SHB Michael Evershed 0-0: Called Strike
0-1: Ball
1-1: Called Strike
1-2: Ball
2-2: Ball
3-2: Base on Balls
Batting: LHB Octávio Castaneda 0-0: Ball
1-0: Swinging Strike
1-1: Foul Ball, location: 2F
1-2: Strikes out looking
Batting: RHB Daniel Hannaford 0-0: Called Strike
0-1: Foul Ball, location: 2F
0-2: Fielders Choice at 2nd, 3-6 (Groundball, 3, EV 102.5 MPH)
Batting: RHB Tim Hendricks 0-0: Ball
1-0: Ball
2-0: Ball
3-0: Base on Balls
Daniel Hannaford to second
Batting: LHB Rafael Padilla 0-0: Foul Ball, location: 2F
0-1: Ground out U3 (Groundball, 34S, EV 79.4 MPH)
Bottom of the 8th over - 0 runs, 0 hits, 0 errors, 2 left on base; Barton Springs 7 - Athletic Club KC Academy 1
TOP OF THE 9TH
Barton Springs Blues batting - Pitching for Athletic Club KC Academy : LHP Larry Brown
Pitching: RHP Grant Gremel
Batting: RHB Maema Njongmeta 0-0: Called Strike
0-1: Ball
1-1: Fly out, F7 (Line Drive, 7, EV 87.5 MPH)
Batting: LHB Man-su Sin 0-0: Ball
1-0: Foul Ball, location: 2F
1-1: Called Strike
1-2: Foul Ball, location: 2F
1-2: Fly out, F9 (Flyball, 89D, EV 101.2 MPH)
Batting: RHB Rick Pawlowicz 0-0: Ball
1-0: Ground out 6-3 (Groundball, 6, EV 88.8 MPH)
Top of the 9th over - 0 runs, 0 hits, 0 errors, 0 left on base; Barton Springs 7 - Athletic Club KC Academy 1
BOTTOM OF THE 9TH
Athletic Club KC Academy batting - Pitching for Barton Springs Blues : LHP Laurens Bancroft
Batting: RHB Dick Barnett 0-0: Ball
1-0: Ball
2-0: Called Strike
2-1: Ball
3-1: Foul Ball, location: 2F
3-2: Base on Balls
Batting: RHB Kalikiano Keiki 0-0: Ball
1-0: Fly out, F4 (Flyball, 4D, EV 93.8 MPH)
Batting: RHB Guillermo Alessandrini 0-0: Ball
1-0: Foul Ball, location: 2F
1-1: Ball
2-1: Ball
3-1: Foul Ball, location: 2F
3-2: Foul Ball, location: 2F
3-2: Reached on error, E2 (Groundball, 2L, EV 69.4 MPH)
Dick Barnett to third
Batting: RHB Mhelter Gaston 0-0: Fly out, F8 (Line Drive, 8LD, EV 85.0 MPH)
Runner from 3rd tags up, SCORES, no throw by CF
Batting: SHB Michael Evershed 0-0: Ground out 1-3 (Groundball, P, EV 83.1 MPH)
Bottom of the 9th over - 1 run, 0 hits, 1 error, 1 left on base; Barton Springs 7 - Athletic Club KC Academy 2
Tuesday, January 5th, 2021 - OOTP Baseball 20.8 Build 74